 Dungeon Crawl Stone Soup version 0.19.5 (webtiles) character file.

445 ghjk the Chopper (level 6, -6/53 HPs)
             Began as a Minotaur Fighter on May 21, 2017.
             Was an Initiate of Okawaru.
             Mangled by Pikel
             ... wielding a +0 whip of electrocution
              (20 damage)
             ... on level 4 of the Dungeon.
             The game lasted 00:03:48 (2234 turns).

ghjk the Chopper (Minotaur Fighter)                 Turns: 2234, Time: 00:03:49

Health: -6/53      AC: 13    Str: 27    XL:     6   Next: 72%
Magic:  5/5        EV:  5    Int:  5    God:    Okawaru [......]
Gold:   161        SH: 10    Dex: 10    Spells: 0 memorised, 5 levels left

rFire  . . .     SeeInvis .     a - +0 war axe
rCold  . . .     Gourm    .     o - +0 plate armour
rNeg   . . .     Faith    .     c - +0 shield
rPois  .         Spirit   .     (helmet restricted)
rElec  .         Reflect  .     g - +0 cloak
rCorr  .         Harm     .     (no gloves)
MR     .....                    (no boots)
Stlth  ..........               (no amulet)
                                (no ring)
                                (no ring)

@: mighty
A: retaliatory headbutt, horns 2
a: Renounce Religion


You were on level 4 of the Dungeon.
You worshipped Okawaru.
Okawaru was noncommittal.
You were not hungry.

You visited 1 branch of the dungeon, and saw 4 of its levels.

You collected 161 gold pieces.

Inventory:

Hand Weapons
 a - a +0 war axe (weapon)
Armour
 b - a +0 scale mail
 c - a +0 shield (worn)
 g - a +0 cloak (worn)
 o - a +0 plate armour (worn)
Jewellery
 p - an uncursed ring of fire
Scrolls
 e - a scroll of blinking {unknown}
Potions
 i - a potion of brilliance
 k - a potion of berserk rage {unknown}
 l - a potion of curing
 m - 2 potions of haste {unknown}
 n - a potion of mutation {unknown}
 q - a potion of magic {unknown}
 t - a potion of resistance
Comestibles
 f - 4 bread rations
 h - 2 meat rations
 j - a beef jerky


   Skills:
 + Level 4.5 Fighting
 * Level 7.5 Axes
 + Level 5.0 Armour
 + Level 0.4 Dodging
 - Level 3.6 Shields


You had 5 spell levels left.
You didn't know any spells.

Dungeon Overview and Level Annotations

Branches:
Dungeon (4/15)
 Temple: D:4-7

Altars:
Okawaru

Annotations:
D:4 Pikel


Innate Abilities, Weirdness & Mutations

You reflexively headbutt those who attack you in melee.
You have a pair of horns on your head.


Message History

Level annotation: Pikel A slave comes into view.
Pikel shouts!
The slave shouts!
There is a stone staircase leading up here.
You hit Pikel but do no damage. You block Pikel's attack.
You hit Pikel but do no damage. Your headbutt misses Pikel.
Pikel hits you with a whip of electrocution.
You are electrocuted!
Pikel barely misses you. You furiously retaliate!
You headbutt Pikel, but do no damage. You closely miss Pikel.
Pikel hits you with a whip of electrocution.
You are electrocuted!
* * * LOW HITPOINT WARNING * * *
You are too injured to fight recklessly!
You are too injured to fight recklessly!
You are too injured to fight recklessly!
You are too injured to fight recklessly!
You feel very mighty all of a sudden. Pikel hits you but does no damage.
You are electrocuted!
You die...

..... #.. ..... #.#
#..... ##.# #......
#..## ##......# #...#
##.......#
#...###........#
#..###...##p.<......#
#.......@Kpp.........
#.......##p.....###..##
#.......##....###
#p.##. #..............#
#..... #....#.#.#.#.#.#
#.<... ##.#...........#
#.$#...
...#.#.......#.# #..
#.. .. ...........#
#... .. #... .


You could see Pikel and 4 slaves.

Vanquished Creatures
  Grinder (D:3)
  Jessica (D:3)
  Terence (D:3)
  Robin (D:3)
  3 adders
  6 gnolls
  A shadow imp (D:3)
  4 oozes
  A worm (D:3)
  2 dart slugs
  2 leopard geckos (D:2)
  An orc (D:3)
  2 ball pythons (D:3)
  4 giant cockroaches
  12 goblins
  5 hobgoblins
  7 jackals
  7 bats
  3 frilled lizards
  7 kobolds
  9 rats
80 creatures vanquished.

Notes
Turn   | Place    | Note
-------+----------+-------------------------------------------
     0 | D:1      | ghjk the Minotaur Fighter began the quest for the Orb.
     0 | D:1      | Reached XP level 1. HP: 19/19 MP: 0/0
   119 | D:1      | Reached XP level 2. HP: 17/27 MP: 1/1
   184 | D:1      | Reached skill level 3 in Axes
   584 | D:1      | Reached XP level 3. HP: 33/33 MP: 2/2
  1072 | D:2      | Reached skill level 4 in Axes
  1443 | D:3      | Reached XP level 4. HP: 34/40 MP: 3/3
  1507 | D:3      | Noticed Terence
  1513 | D:3      | Killed Terence
  1513 | D:3      | Reached skill level 5 in Axes
  1674 | D:3      | Noticed Grinder
  1675 | D:3      | Paralysed by Grinder for 3 turns
  1688 | D:3      | Killed Grinder
  1688 | D:3      | Reached skill level 6 in Axes
  1688 | D:3      | Reached XP level 5. HP: 32/47 MP: 4/4
  1688 | D:3      | Reached XP level 6. HP: 36/53 MP: 5/5
  1735 | D:3      | Reached skill level 7 in Axes
  1826 | D:3      | Noticed Jessica
  1827 | D:3      | Noticed Robin
  1855 | D:3      | Killed Robin
  1856 | D:3      | Killed Jessica
  1856 | D:3      | Reached skill level 5 in Armour
  1958 | D:3      | Found an iron altar of Okawaru.
  1995 | D:3      | Became a worshipper of Warmaster Okawaru
  2187 | D:4      | Noticed a slave
  2187 | D:4      | Noticed a slave
  2187 | D:4      | Noticed a slave
  2189 | D:4      | Noticed Pikel
  2223 | D:4      | Noticed a slave
  2234 | D:4      | Mangled by Pikel

Skill      XL: |  1  2  3  4  5  6 |
---------------+-------------------+-----
Fighting       | 4 |  4.5
Armour         | 4 5 |  5.0
Axes           | 3 4 6 7 |  7.5
Dodging        | |  0.4
Shields        | |  3.6

Action                   |  1- 3 |  4- 6 || total
-------------------------+-------+-------++-------
Melee: War axe           |    80 |   123 ||   203
       Headbutt          |    10 |    19 ||    29
  Use: Scroll            |       |     5 ||     5
       Potion            |       |     1 ||     1
  Eat: Chunk             |     1 |     4 ||     5
Armor: Scale mail        |    35 |       ||    35
       Plate armour      |     7 |    68 ||    75
Dodge: Dodged            |    22 |    17 ||    39
Block: Shield            |    53 |    72 ||   125
